 Dungeon Crawl Stone Soup version 0.22-a0-348-gd16d139 (webtiles) character file.

22931 zero the Covert (level 12, 0/61 HPs)
             Began as a Spriggan Enchanter on Apr 10, 2018.
             Was an Elder of Vehumet.
             Slain by a death yak (27 damage)
             ... on level 3 of the Lair of Beasts on Apr 11, 2018.
             The game lasted 00:46:17 (18619 turns).

zero the Covert (Spriggan Enchanter)               Turns: 18619, Time: 00:46:18

Health: 0/61       AC:  4    Str:  4    XL:     12   Next: 67%
Magic:  16/31      EV: 27    Int: 21    God:    Vehumet [****..]
Gold:   393        SH:  8    Dex: 17    Spells: 9/24 levels left

rFire    . . .     SeeInvis +   g - +5 short sword (venom)
rCold    + . .     Gourm    .   l - +1 buckler
rNeg     . . .     Faith    .   j - +2 robe {rC+}
rPois    .         Spirit   .   (helmet restricted)
rElec    .         Reflect  .   (no cloak)
rCorr    .         Harm     .   (gloves unavailable)
MR       ++...                  (boots unavailable)
Stlth    +++++++...             (no amulet)
HPRegen  0.20/turn              t - ring of wizardry
MPRegen  0.22/turn              K - ring "Lutwuruw" {MP+9 Stlth+}

@: very quick
A: very small, unfitting armour, see invisible, herbivore, speed 3, slow
metabolism 2
a: Renounce Religion


You were on level 3 of the Lair of Beasts.
You worshipped Vehumet.
Vehumet was greatly pleased with you.
You were not hungry.

You visited 6 branches of the dungeon, and saw 19 of its levels.

You collected 810 gold pieces.
You spent 417 gold pieces at shops.

Inventory:

Hand Weapons
 g - a +5 short sword of venom (weapon)
 i - a +3 dagger of electrocution
 x - a +0 rapier
Missiles
 L - a throwing net (quivered)
Armour
 j - a +2 robe of cold resistance (worn)
 l - a +1 buckler (worn)
Magical Staves
 w - an uncursed staff of fire {unknown}
 C - an uncursed staff of power {unknown}
Jewellery
 h - an uncursed ring of flight
 t - a ring of wizardry (left hand)
 u - an uncursed ring of poison resistance
 F - a +3 ring of evasion
 H - an uncursed ring of protection from fire
 J - a +5 ring of dexterity {unknown}
 K - the ring "Lutwuruw" (right hand) {MP+9 Stlth+}
   (You bought it in a shop on level 9 of the Dungeon)

   [ring of magical power]

   It affects your magic capacity (+9).
   It makes you more stealthy.
 M - an uncursed ring of protection from magic {unknown}
 Q - an uncursed ring of fire {unknown}
 R - a cursed ring of loudness {unknown}
Wands
 b - a wand of iceblast (24)
 y - a wand of random effects (63)
 D - a wand of polymorph (49)
 N - a wand of enslavement (29)
 O - a wand of flame (31)
 S - a wand of acid (8)
Scrolls
 n - 6 scrolls of amnesia
 o - 3 scrolls of fog
 q - 3 scrolls of magic mapping
 B - 6 scrolls of remove curse
 I - 3 scrolls of teleportation
 P - a scroll of identify
Potions
 a - a potion of flight
 c - a potion of cancellation
 e - 2 potions of might
 f - 3 potions of haste
 k - 2 potions of resistance
 m - a potion of curing
 p - 2 potions of lignification
 r - 3 potions of magic
 s - 3 potions of agility
 v - 4 potions of mutation {unknown}
 z - 2 potions of ambrosia {unknown}
 A - 5 potions of heal wounds
 G - a potion of berserk rage {unknown}
Miscellaneous
 E - a fan of gales
Comestibles
 d - 20 rations


   Skills:
 - Level 6.0 Fighting
 - Level 10.0 Short Blades
 + Level 11.8 Dodging
 + Level 14.8 Stealth
 - Level 5.0 Shields
 - Level 6.5 Spellcasting
 - Level 10.0 Hexes
 + Level 2.1 Charms
 + Level 2.1 Translocations
 + Level 3.8 Transmutations
 - Level 4.1 Fire Magic


You had 9 spell levels left.
You knew the following spells:

 Your Spells              Type           Power        Failure   Level  Hunger
a - Blink                 Tloc           N/A          2%          2    None
b - Ensorcelled Hibernat  Hex/Ice        ####..       1%          2    None
c - Confuse               Hex            #####...     1%          3    #......
d - Ignite Poison         Fire/Tmut/Pois ###.....     1%          3    #......
e - Inner Flame           Hex/Fire       #####...     1%          3    #......
f - Shroud of Golubria    Chrm/Tloc      ###.......   2%          2    None


Dungeon Overview and Level Annotations

Branches:
Dungeon (12/15)            Temple (1/1) D:7            Lair (3/6) D:9
 Shoals (1/4) Lair:2        Snake (1/4) Lair:3          Orc (1/2) D:9

Altars:
Ashenzari
Dithmenos
Elyvilon
Fedhas
Gozag
Hepliaklqana
Nemelex Xobeh
Okawaru
Qazlal
Ru
Vehumet
Wu Jian
Xom
The Shining One
Beogh

Shops:
D:8 :*   D:9 (==(


Innate Abilities, Weirdness & Mutations

You are very small and have problems with some larger weapons.
You are too small for most types of armour.
You have supernaturally acute eyesight. (SInv)
You are a herbivore.
You cover ground extremely quickly.
You need to consume almost no food.


Message History

Confirm with . or Enter, or press ? or * to list all spells.
Aiming: Ensorcelled Hibernation (safe; 1% risk of failure)
Press: ? - help, Shift-Dir - straight line, f/p - death yak
Aim: a death yak (chance to defeat MR: 4%)
The death yak resists with almost no effort.
The death yak bellows!
Casting: Ensorcelled Hibernation (safe; 1% risk of failure)
Confirm with . or Enter, or press ? or * to list all spells.
Aiming: Ensorcelled Hibernation (safe; 1% risk of failure)
Press: ? - help, Shift-Dir - straight line, f/p - death yak
Aim: a death yak (chance to defeat MR: 4%)
The death yak resists with almost no effort.
Casting: Ensorcelled Hibernation (safe; 1% risk of failure)
Confirm with . or Enter, or press ? or * to list all spells.
Aiming: Ensorcelled Hibernation (safe; 1% risk of failure)
Press: ? - help, Shift-Dir - straight line, f/p - death yak
Aim: a death yak (chance to defeat MR: 4%)
The death yak resists with almost no effort.
The death yak gores you!!
You die...

...+....Y#....##.............#...
###......+.............#.....#...
.###..........#.Y.......##.##.#..
#........####..#.........#.#.....
.....÷...P###.#..................
.................................
.............)...................
................Y............ ...
..........##..##@.....####.## #..
P##........##.#....<..##P#..###..
##.##.....#...##.......#.....##..
....#.....>...##......P#.........
....#.................##......#..
....#.................P#....†.#..
...........#...P.................
#.###.....##...#.......#.....##..
#..#......###..#......###P.####..


You could see 2 death yaks.

Vanquished Creatures
  Erolcha (D:11)
  A hydra (Lair:1)
  4 two-headed ogres
  Urug (D:11)
  A death yak (Lair:3)
  Nergalle (D:10)
  An unseen horror (D:10)
  Joseph (D:8)
  2 black mambas (Lair:1)
  A gargoyle (D:11)
  3 spiny frogs
  A rime drake (Lair:1)
  A freezing wraith (D:11)
  3 komodo dragons
  6 polar bears
  A blink frog (Lair:1)
  7 hippogriffs
  2 basilisks
  2 hungry ghosts
  A wyvern (D:9)
  11 yaks
  7 nagas (Lair:3)
  2 hell hounds (D:9)
  4 orc warriors
  4 porcupines
  7 water moccasins
  12 black bears
  4 sky beasts
  2 hornet zombies
  3 phantoms
  3 ogres
  5 crocodiles
  12 bullfrogs
  A wyvern zombie (D:7)
  5 scorpions
  3 troll zombies (D:9)
  8 killer bees
  4 howler monkeys
  An electric eel (D:6)
  5 crimson imps
  6 hounds
  2 bullfrog skeletons
  2 jellies
  A gnoll shaman (D:6)
  5 orc priests
  2 centaur skeletons
  Jessica (D:3)
  An iguana (D:11)
  13 orc wizards
  8 worker ants
  5 ogre zombies (D:9)
  A hound zombie (D:6)
  8 gnolls
  A worker ant zombie (D:10)
  15 adders
  An adder zombie (D:9)
  2 worms (D:3)
  3 dart slugs
  2 leopard geckos
  50 orcs
  11 bats
  6 giant cockroaches
  11 goblins
  10 hobgoblins
  7 jackals
  6 quokkas
  A ball python (D:3)
  6 frilled lizards
  A goblin skeleton (D:9)
  A goblin zombie (D:9)
  2 hobgoblin skeletons (D:9)
  2 hobgoblin zombies (D:9)
  5 kobolds
  A leopard gecko zombie (D:6)
  4 orc skeletons (D:9)
  15 orc zombies (D:9)
  12 rats
374 creatures vanquished.

Vanquished Creatures (others)
  An orc (D:10)
  A plant (Lair:3)
2 creatures vanquished.

Grand Total: 376 creatures vanquished

Notes
Turn   | Place    | Note
-------+----------+-------------------------------------------
     0 | D:1      | zero the Spriggan Enchanter began the quest for the Orb.
     0 | D:1      | Reached XP level 1. HP: 9/9 MP: 5/5
   461 | D:1      | Reached XP level 2. HP: 3/13 MP: 6/6
   534 | D:2      | Reached skill level 5 in Stealth
   565 | D:2      | Learned a level 2 spell: Ensorcelled Hibernation
   840 | D:2      | Reached XP level 3. HP: 14/16 MP: 5/8
  1298 | D:2      | Reached skill level 6 in Stealth
  1312 | D:2      | You fall through a shaft for 2 floors!
  1321 | D:5      | Entered Level 5 of the Dungeon
  1328 | D:4      | Reached XP level 4. HP: 21/21 MP: 9/9
  1578 | D:3      | Noticed Jessica
  1594 | D:3      | Killed Jessica
  2409 | D:2      | Reached skill level 7 in Stealth
  2409 | D:2      | Reached XP level 5. HP: 24/24 MP: 10/10
  2414 | D:2      | Learned a level 3 spell: Confuse
  3424 | D:3      | Found an opulent altar of Gozag.
  3534 | D:3      | Found a sparkling altar of Nemelex Xobeh.
  3663 | D:4      | Found a blossoming altar of Fedhas.
  3725 | D:4      | Reached skill level 8 in Stealth
  3725 | D:4      | Reached XP level 6. HP: 25/28 MP: 6/11
  3729 | D:4      | Reached skill level 5 in Short Blades
  5138 | D:6      | Reached skill level 5 in Hexes
  5138 | D:6      | Reached XP level 7. HP: 28/32 MP: 7/14
  5436 | D:6      | Found a shattered altar of Ashenzari.
  5471 | D:6      | Reached skill level 1 in Fighting
  5757 | D:6      | Reached XP level 8. HP: 19/39 MP: 15/15
  5972 | D:6      | Reached skill level 5 in Dodging
  6722 | D:6      | Found a hazy altar of Hepliaklqana.
  7453 | D:7      | Found a sacrificial altar of Ru.
  7453 | D:7      | Found an ornate altar of the Wu Jian Council.
  7515 | D:7      | Found a stormy altar of Qazlal.
  7596 | D:7      | Found an iron altar of Okawaru.
  7776 | D:7      | Found a staircase to the Ecumenical Temple.
  7868 | Temple   | Entered the Ecumenical Temple
  7876 | Temple   | Became a worshipper of Vehumet
  8033 | D:8      | Noticed Joseph
  8446 | D:8      | Reached skill level 9 in Stealth
  8515 | D:8      | Reached XP level 9. HP: 32/44 MP: 16/16
  8838 | D:8      | Killed Joseph
  8879 | D:8      | Reached skill level 10 in Stealth
  9443 | D:8      | Found a glowing golden altar of the Shining One.
  9479 | D:8      | Noticed a two-headed ogre
  9484 | D:8      | Killed a two-headed ogre
  9484 | D:8      | Reached skill level 11 in Stealth
  9574 | D:8      | Found Gazoas's Book Boutique.
  9595 | D:8      | Reached * piety under Vehumet
  9595 | D:8      | Offered knowledge of Shock by Vehumet.
  9607 | D:8      | Found Paunusoe's General Store.
  9641 | D:8      | Learned a level 2 spell: Blink
  9946 | D:9      | Found Disoim's Jewellery Shoppe.
  9960 | D:9      | Reached skill level 12 in Stealth
 10012 | D:9      | Reached skill level 1 in Shields
 10045 | D:9      | Reached XP level 10. HP: 43/49 MP: 8/18
 10059 | D:9      | Found a white marble altar of Elyvilon.
 10176 | D:9      | Reached skill level 5 in Spellcasting
 10178 | D:9      | Offered knowledge of Throw Flame by Vehumet.
 10218 | D:9      | Reached ** piety under Vehumet
 10534 | D:9      | Found a staircase to the Orcish Mines.
 11121 | D:9      | Found Hoomnol's Antique Weapon Shoppe.
 11148 | D:10     | Entered Level 10 of the Dungeon
 11148 | D:10     | Noticed Nergalle
 11150 | D:10     | Noticed an unseen horror
 11218 | D:9      | Found a staircase to the Lair.
 11221 | D:9      | Noticed a two-headed ogre
 11234 | D:9      | Killed a two-headed ogre
 11515 | D:9      | Offered knowledge of Ignite Poison by Vehumet.
 11520 | D:9      | Learned a level 3 spell: Ignite Poison
 11606 | D:9      | Found Luz Miho's Jewellery Emporium.
 11615 | D:9      | Found Zotewkei's Weapon Shoppe.
 11979 | D:9      | Found a shadowy altar of Dithmenos.
 12105 | D:9      | Reached skill level 1 in Transmutations
 12116 | D:9      | Found a roughly hewn altar of Beogh.
 12140 | D:9      | Reached skill level 5 in Fighting
 12374 | D:9      | Reached *** piety under Vehumet
 12562 | Orc:1    | Entered Level 1 of the Orcish Mines
 12562 | Orc:1    | Noticed a cyclops
 12578 | Lair:1   | Entered Level 1 of the Lair of Beasts
 12628 | D:10     | Reached skill level 1 in Fire Magic
 12783 | D:10     | Noticed a two-headed ogre
 12785 | D:10     | Killed a two-headed ogre
 13239 | D:10     | Killed Nergalle
 13239 | D:10     | Reached XP level 11. HP: 55/56 MP: 18/21
 13409 | D:10     | Offered knowledge of Inner Flame by Vehumet.
 13414 | D:10     | Learned a level 3 spell: Inner Flame
 13444 | D:10     | Killed an unseen horror
 13985 | D:11     | Noticed a two-headed ogre
 13992 | D:11     | Killed a two-headed ogre
 14059 | D:11     | Reached skill level 5 in Shields
 14143 | D:11     | Noticed Erolcha
 14231 | D:12     | Found the +2 Maxwell's thermic engine {flame, freeze, rF- rC-}
 14315 | D:11     | Reached **** piety under Vehumet
 14442 | D:11     | Noticed Urug
 14461 | D:11     | Killed Urug
 14547 | D:11     | Noticed a death knight
 14596 | D:11     | Killed Erolcha
 15019 | D:9      | Bought the ring "Lutwuruw" {MP+9 Stlth+} for 417 gold pieces
 15148 | Lair:1   | Offered knowledge of Iskenderun's Mystic Blast by Vehumet.
 15283 | Lair:1   | Reached skill level 13 in Stealth
 15449 | Lair:1   | Reached XP level 12. HP: 33/61 MP: 22/22
 15656 | Lair:1   | Reached skill level 10 in Dodging
 15931 | Lair:1   | Noticed an eight-headed hydra
 15938 | Lair:1   | Killed an eight-headed hydra
 16314 | Lair:2   | Found a staircase to the Shoals.
 16562 | Lair:2   | Reached skill level 10 in Hexes
 17008 | Lair:2   | Reached skill level 14 in Stealth
 17009 | Lair:2   | Reached ***** piety under Vehumet
 17009 | Lair:2   | Offered knowledge of Bolt of Cold by Vehumet.
 17179 | Lair:3   | Reached skill level 10 in Short Blades
 17207 | Shoals:1 | Entered Level 1 of the Shoals
 17328 | Lair:3   | Learned a level 2 spell: Shroud of Golubria
 17367 | Lair:3   | Found a staircase to the Snake Pit.
 17773 | Snake:1  | Entered Level 1 of the Snake Pit
 18016 | Lair:3   | Reached skill level 1 in Charms
 18016 | Lair:3   | Reached skill level 1 in Translocations
 18336 | Lair:3   | Noticed a death yak
 18337 | Lair:3   | Noticed a death yak
 18340 | Lair:3   | Noticed a death yak
 18550 | Lair:3   | Killed a death yak
 18619 | Lair:3   | Slain by a death yak

Vault maps used:
D:1:      kilobyte_arrival_exit_the_forest
D:2:      minmay_misc_feat_encased
D:3:      grunt_gozag_statues, nemelex_altar_shiori, uniq_jessica
D:4:      nicolae_overflow_hidden_temple, minmay_misc_feat_four_crosses,
          minivault_11
D:5:      first_ration
D:6:      ashenzari_altar_1, marbit_many_paths, lightli_minifort
D:7:      lemuel_round_altar, okawaru_metal_pillars_1_2,
          gammafunk_temple_overflow_elements, minmay_temple_entry_poolview
D:8:      lemuel_crystal_altar, serial_shops, shop_statue, shop_statue,
          uniq_joseph
D:9:      nicolae_overflow_crystal_walls,
          nicolae_dithmenos_through_a_glass_darkly, minmay_lair_entry_lava,
          zombieorc2_lemuel, special_room, serial_shops, shop, shop_fountains,
          shop, nicolae_shop_waterfront
D:10:     uniq_nergalle
D:11:     uniq_snorg, uniq_gastronok, uniq_erolcha, uniq_urug
Temple:   dpeg_chambers_temple
Lair:1:   beast_lair_carwin_large_4, hangedman_lair_generics_rect,
          infiniplex_staircase_pool_2
Lair:2:   elwin_shoals_entry_rocks
Lair:3:   minmay_snake_entry_guardpost_medium
Shoals:1: cheibrodos_shoals_roost, serial_shops, shop, abandoned_shop
Snake:1:  serial_bayou_shore_a
Orc:1:    portal_ice_cave_entry_pillars_2

Skill      XL: |  1  2  3  4  5  6  7  8  9 10 11 12 |
---------------+-------------------------------------+-----
Stealth        | 5 6 7 8 9 12 13 14 | 14.8
Short Blades   | 2 3 4 5 8 9 10 | 10.0
Spellcasting   | 4 6 |  6.5
Hexes          | 5 7 8 9 10 | 10.0
Fighting       | 1 3 5 6 |  6.0
Dodging        | 4 8 9 11 | 11.8
Shields        | 1 4 5 |  5.0
Transmutations | 3 |  3.8
Fire Magic     | 2 4 |  4.1
Charms         | 2 |  2.1
Translocations | 2 |  2.1

Action                   |  1- 3 |  4- 6 |  7- 9 | 10-12 || total
-------------------------+-------+-------+-------+-------++-------
Melee: Dagger            |    92 |   175 |    10 |       ||   277
       Short sword       |       |       |   286 |   603 ||   889
 Cast: Ensorcelled Hiber |     6 |    16 |    56 |   125 ||   203
       Corona            |     1 |       |       |       ||     1
       Confuse           |       |     2 |     6 |    28 ||    36
       Ignite Poison     |       |       |       |    18 ||    18
       Inner Flame       |       |       |       |     4 ||     4
       Blink             |       |       |       |     2 ||     2
       Shroud of Golubri |       |       |       |     4 ||     4
Evoke: Wand              |       |       |       |     1 ||     1
  Use: Scroll            |     1 |     6 |     7 |    11 ||    25
       Potion            |     1 |       |       |       ||     1
 Stab: Sleeping          |    12 |    25 |    37 |    82 ||   156
       Distracted        |     1 |     1 |     1 |     9 ||    12
       Confused          |       |     1 |     3 |    20 ||    24
  Eat: Ration            |       |     2 |     3 |     5 ||    10
Armor: Robe              |    12 |    20 |    19 |    21 ||    72
Dodge: Dodged            |    92 |   117 |   236 |   442 ||   887
Block: Buckler           |       |       |       |    80 ||    80

Table legend:
 A = Spawn XP
 B = Non-spawn XP
 C = Spawn XP percentage of total XP
 D = Spawn monster count
 E = Non-spawn monster count
 F = Spawn count percentage of total count
 G = Total turns spent on level
                    A         B        C        D         E        F      G
               +---------+---------+-------+---------+---------+-------+---------
         Total |       0 |   32759 |   0.0 |       0 |     374 |   0.0 | 18619
               +---------+---------+-------+---------+---------+-------+---------
           D:1 |       0 |      41 |   0.0 |       0 |      28 |   0.0 |  1016
           D:2 |       0 |     100 |   0.0 |       0 |      25 |   0.0 |  1620
           D:3 |       0 |     105 |   0.0 |       0 |      22 |   0.0 |   756
           D:4 |       0 |     347 |   0.0 |       0 |      23 |   0.0 |   902
           D:5 |       0 |     141 |   0.0 |       0 |       5 |   0.0 |   928
           D:6 |       0 |    1128 |   0.0 |       0 |      26 |   0.0 |  1773
           D:7 |       0 |     558 |   0.0 |       0 |      23 |   0.0 |  1838
           D:8 |       0 |    2399 |   0.0 |       0 |      32 |   0.0 |  1096
           D:9 |       0 |    4506 |   0.0 |       0 |      85 |   0.0 |  2997
          D:10 |       0 |    4000 |   0.0 |       0 |      19 |   0.0 |   973
          D:11 |       0 |    4848 |   0.0 |       0 |      20 |   0.0 |  1161
          D:12 |       0 |     343 |   0.0 |       0 |       1 |   0.0 |     5
        Lair:1 |       0 |    7782 |   0.0 |       0 |      35 |   0.0 |  1223
        Lair:2 |       0 |    1854 |   0.0 |       0 |       8 |   0.0 |  1288
        Lair:3 |       0 |    4607 |   0.0 |       0 |      22 |   0.0 |  1018
               +---------+---------+-------+---------+---------+-------+---------
